 Dungeon Crawl Stone Soup version 0.28-a0-384-g9e0c098162 (webtiles) character file.

Game seed: 6381601823745220117

1 Goblin1989 the Skirmisher (level 1, -1/18 HPs)
             Began as a Demonspawn Cinder Acolyte on Sept 2, 2021.
             Was an Initiate of Ignis.
             Slain by a rat (2 damage)
             ... on level 1 of the Dungeon.
             The game lasted 00:00:57 (143 turns).

Goblin1989 the Skirmisher (DsCA)                     Turns: 143, Time: 00:00:57

Health: -1/18      AC:  2    Str: 14    XL:     1   Next: 16%
Magic:  2/2        EV: 11    Int: 15    God:    Ignis [......]
Gold:   0          SH:  0    Dex:  8    Spells: 2/2 levels left

rFire   + . .      SeeInvis .   a - -1 mace (flame)
rCold   . . .      Faith    .   (no shield)
rNeg    . . .      Spirit   .   b - +0 robe
rPois   .          Reflect  .   (no helmet)
rElec   .          Harm     .   (no cloak)
rCorr   .          Rampage  .   (no gloves)
Will    .....                   (no boots)
Stlth   +.........              (no amulet)
HPRegen 0.06/turn               (no ring)
MPRegen 0.08/turn               (no ring)

@: no status effects
A: no striking features
a: Renounce Religion


You were on level 1 of the Dungeon.
You worshipped Ignis.
Ignis was noncommittal.
You visited 1 branch of the dungeon, and saw 1 of its levels.

Inventory:

Hand Weapons
 a - a -1 mace of flaming (weapon)
Armour
 b - a +0 robe (worn)
Potions
 c - a potion of cancellation {unknown}


   Skills:
 + Level 3.0 Fighting
 + Level 2.7 Maces & Flails
 + Level 1.0 Spellcasting
 + Level 2.7 Fire Magic


You had 2 spell levels left.
You didn't know any spells.
Your spell library contained the following spells:

 Spells                   Type           Power      Damage    Failure   Level
 Scorch                   Fire           16%        2d6       12%         2


Dungeon Overview and Level Annotations

Branches:
Dungeon (1/15)

Altars:


Message History

A kobold comes into view. It is wielding a +0 dagger.
The kobold shouts!
A kobold is nearby!
A kobold is nearby!
You hit the kobold. You burn the kobold.
The kobold is severely wounded.
The kobold hits you with a +0 dagger. x2
You take 2 damage, and have 16/18 hp.
You hit the kobold. You burn the kobold.
You kill the kobold!
Things that are here:
a +0 dagger; 3 stones {@Q3}; a kobold corpse
Found 14 stones.
Flames leap up around you!
Your foxfire dissipates!
Your foxfire dissipates! x14
Your foxfire dissipates! x2
Flames leap up around you!
Your foxfire dissipates!
Your foxfire dissipates! x14
Flames leap up around you!
Your foxfire dissipates! x2
Your foxfire dissipates! x14
Your foxfire dissipates! x2
Flames leap up around you!
Your foxfire dissipates!
Your foxfire dissipates! x14
Flames leap up around you!
Your foxfire dissipates! x2
Your foxfire dissipates! x16
Flames leap up around you!
Health restored: 18 Your foxfire dissipates! x3
Your foxfire dissipates! x16
Flames leap up around you!
Your foxfire dissipates! x18
Your foxfire dissipates!
Flames leap up around you!
Your foxfire dissipates! x17
Your foxfire dissipates! x2
Flames leap up around you!
Your foxfire dissipates!
Your foxfire dissipates! x18
Your foxfire dissipates!
Flames leap up around you!
You can no longer rocket upward and away.
Your foxfire dissipates! x3
Your foxfire dissipates! x14
Flames leap up around you!
Your foxfire dissipates!
Your foxfire dissipates! x15
Flames leap up around you!
You can no longer fill your surroundings with clouds of flame.
You can no longer call a swarm of foxfires against your foes.
Your foxfire dissipates! x2
Your foxfire dissipates! x15
Your foxfire dissipates!
Okay, then.
Unknown command.
Okay, then.
Found an inky potion.
c - an inky potion
Things that are here:
a +0 dagger; 3 stones {@Q3}; a kobold corpse An endoplasm comes into view.
An endoplasm is nearby!
A hobgoblin comes into view.
A rat comes into view.
Found a chain mail.
What are your orders? t - Shout!
Orders for allies: a - Attack new target. r - Retreat! s - Stop attacking. g - Guard the area. f - Follow me.
Anything else - Cancel.
You shout for attention!
The endoplasm quivers.
A bat comes into view.
The hobgoblin hits you.
You take 1 damage, and have 17/18 hp.
The hobgoblin hits you but does no damage.
The rat completely misses you. The bat hits you. The hobgoblin hits you.
The rat barely misses you.
You take 6 damage, and have 11/18 hp.
MASSIVE DAMAGE!!
The bat closely misses you. The hobgoblin hits you.
* * * LOW HITPOINT WARNING * * *
The rat misses you.
You take 3 damage, and have 8/18 hp.
The bat barely misses you. The bat closely misses you.
The hobgoblin closely misses you. The endoplasm hits you.
* * * LOW HITPOINT WARNING * * *
The rat bites you.
* * * LOW HITPOINT WARNING * * *
You take 3 damage, and have 5/18 hp.
The bat hits you.
* * * LOW HITPOINT WARNING * * *
The hobgoblin closely misses you. The endoplasm hits you.
* * * LOW HITPOINT WARNING * * *
The rat bites you.
You die...

█.████████........
█..........█.....█
█████████..█....█. .
█.......█..█.. ..
█........███ ....
█.....)...███....
█.........█..█...
████████████....█r...█
..............██@g...█.
█████████████$..J.b....█
████.......█ █.......█
█.......█ █.......█
█......[█


█████████ You could see an endoplasm, a hobgoblin, a bat and a rat.

Vanquished Creatures
  A kobold (D:1)
1 creature vanquished.

Vanquished Creatures (others)
  224 foxfires (D:1)
224 creatures vanquished.

Grand Total: 225 creatures vanquished

Notes
Turn   | Place    | Note
-------+----------+-------------------------------------------
     0 | D:1      | Goblin1989 the Demonspawn Cinder Acolyte began the quest
                  | for the Orb.
     0 | D:1      | Reached XP level 1. HP: 18/18 MP: 2/2
   143 | D:1      | Slain by a rat

Illustrated notes

Levels and vault maps discovered:
D:1:      saegor_arrival_simple_b, layout_basic, minmay_misc_feat_chi

Action                   || total
-------------------------++-------
Melee: Mace              ||     2
Invok: Foxfire Swarm     ||    12
Armor: Robe              ||     1
Dodge: Dodged            ||     8

Table legend: (Time is in decaauts)
 A = Elapsed time spent in this place.
 B = Non-inter-level travel time spent in this place.
 C = Inter-level travel time spent in this place.
 D = Time resting spent in this place.
 E = Time spent auto-exploring this place.
 F = Levels seen in this place.
 G = Mean time per level.
                   A        B        C        D        E       F      G
               +--------+--------+--------+--------+--------+-----+--------+
         Total |    143 |    143 |      0 |      0 |     35 |   1 |  143.0 |
       Dungeon |    143 |    143 |      0 |      0 |     35 |   1 |  143.0 |
               +--------+--------+--------+--------+--------+-----+--------+

Top non-repeatable levels by time:
     D:1: 143 daAuts
